 Dungeon Crawl Stone Soup version 0.16.1-7-g2c6721e (webtiles) character file.

513 Fv001 the Skirmisher (level 7, -6/44 HPs)
             Began as a Gargoyle Chaos Knight on Mar 29, 2015.
             Was an Initiate of Ru.
             Mangled by a small abomination (7 damage)
             ... summoned by the severe capriciousness of Xom
             ... on level 5 of the Dungeon.
             The game lasted 00:26:44 (4645 turns).

Fv001 the Skirmisher (Gargoyle Chaos Knight)        Turns: 4645, Time: 00:26:44

Health: -6/44      AC: 12    Str: 15    XL:     7   Next: 19%
Magic:  7/7        EV: 12    Int: 16    God:    Ru [......]
Gold:   268        SH:  0    Dex: 11    Spells: 1 memorised, 2 levels left

rFire  . . .     SeeInvis .     x - +0 flail (holy)
rCold  . . .     Clarity  .     b - +3 leather armour
rNeg   + . .     SustAb   .     (no shield)
rPois  ∞         Gourm    +     (no helmet)
rElec  +         Spirit   .     n - +0 cloak
rCorr  .         Warding  .     (no gloves)
rMut   .         Stasis   .     (no boots)
MR     .....                    g - amulet of the gourmand
Stlth  +.........               (no ring)
                                t - +3 ring of intelligence

@: not resistant to hostile enchantments, very unstealthy
A: talons 1, negative energy resistance 1, electricity resistance, unbreathing,
petrification resistance, rot immunity, AC +4
a: Renounce Religion


You were on level 5 of the Dungeon.
You worshipped Ru.
Ru was noncommittal.
You were completely stuffed.

You visited 1 branch of the dungeon, and saw 6 of its levels.

You collected 268 gold pieces.

Inventory:

Hand weapons
 s - a +1 long sword of chaos
 x - a +0 flail of holy wrath (weapon)
 y - a +0 spear of distortion
Missiles
 o - 11 tomahawks (quivered)
Armour
 b - a +3 leather armour (worn)
 n - a +0 cloak (worn)
Jewellery
 g - an amulet of the gourmand (around neck)
 t - a +3 ring of intelligence (left hand)
Magical devices
 u - a wand of polymorph (0)
 A - a wand of cold (9)
Scrolls
 a - a scroll of fear {unknown}
 d - 2 scrolls of amnesia
 f - 5 scrolls of remove curse
 h - a scroll of recharging
 r - a scroll of noise {unknown}
 v - a scroll of fog {unknown}
 w - 3 scrolls of random uselessness
 G - a scroll of blinking
Potions
 e - 3 potions of agility
 i - a potion of flight
 m - 2 potions of poison
 z - a potion of resistance {unknown}
 B - a potion of heal wounds {unknown}
 C - a potion of restore abilities {unknown}
 E - a potion of might {unknown}
 F - a potion of ambrosia {unknown}
Books
 D - a book of the Sky

   Spells                             Type                      Level
   a - Flight                         Charms/Air                   3
   b - Airstrike                      Air                          4
   c - Silence                        Hexes/Air                    5
   d - Deflect Missiles               Charms/Air                   6
   e - Conjure Ball Lightning         Conjuration/Air              6
   f - Tornado                        Air                          9
Comestibles
 c - 6 bread rations
 j - a royal jelly
 k - 6 chunks of flesh
 l - 2 beef jerkies
 p - 15 fruits
 q - 4 meat rations


   Skills:
 + Level 5.0 Fighting
 + Level 0.3 Long Blades
 + Level 4.5 Maces & Flails
 + Level 1.3 Throwing
 + Level 3.4 Armour
 + Level 3.3 Dodging
 + Level 1.4 Stealth
 * Level 0.4 Air Magic


You had 2 spell levels left.
You knew the following spells:

 Your Spells              Type           Power        Failure   Level  Hunger
a - Airstrike             Air            #.........   100%        4    #####..


Dungeon Overview and Level Annotations

Branches:
Dungeon (6/15)
 Temple: D:4-7

Altars:
Cheibriados
Ru
Xom
Yredelemnul


Innate Abilities, Weirdness & Mutations

You are resistant to torment.
You are immune to poison.
Your stone body is very resilient (AC +4).
You resist negative energy.
You are resistant to electric shocks.
You can survive without breathing.
You are immune to petrification.
You are immune to rotting.
You have sharp toenails.


Message History

You hit the small abomination but do no damage.
The small abomination hits you!
You hit the small abomination.
The small abomination convulses!
The small abomination is heavily damaged.
The small abomination hits you but does no damage. x2
You barely miss the small abomination.
The small abomination is heavily damaged.
The small abomination hits you.
You hit the small abomination.
The small abomination convulses!
You claw the small abomination, but do no damage.
The small abomination is almost destroyed.
The small abomination hits you!
You hit the small abomination.
You destroy the small abomination!
You hit the small abomination.
The small abomination convulses.
The small abomination is heavily damaged.
The small abomination hits you!
* * * LOW HITPOINT WARNING * * *
The small abomination hits you!
You die...

#.# #. ..# #. #
### ##. .## ##
####### #..##.#
.###.....# #...#.#
#.##.....# #.#...#
##.......# #....#
#.##.....# ####x#
.###.....# #@# .#
########## #.# .#
#.......# #.# .#
#.#####.# #.#
#####.#####.####.#
......##.........#
####............##
#...###+###..#
##..# #.##


You could see a small abomination.

Vanquished Creatures
  A small abomination (D:5)
  3 hounds
  3 worker ants (D:4)
  5 orc wizards
  9 gnolls
  2 adders
  2 giant mites
  An adder skeleton (D:4)
  A giant gecko (D:4)
  2 oozes
  5 orcs
  A bat zombie (D:5)
  14 hobgoblins
  4 jackals (D:1)
  9 kobolds
  A quokka (D:2)
  12 bats
  A giant cockroach (D:3)
  4 giant newts
  15 goblins
  7 rats
  A plant (D:4)
103 creatures vanquished.

Vanquished Creatures (collateral kills)
  An orc (D:4)
1 creature vanquished.

Grand Total: 104 creatures vanquished

Notes
Turn   | Place    | Note
--------------------------------------------------------------
     0 | D:1      | Fv001, the Gargoyle Chaos Knight, began the quest for the Orb.
     0 | D:1      | Reached XP level 1. HP: 14/14 MP: 1/1
   257 | D:1      | Reached XP level 2. HP: 19/19 MP: 2/2
   501 | D:1      | XOM: harmless Trmt miscast
   570 | D:1      | Reached XP level 3. HP: 24/24 MP: 3/3
   572 | D:1      | Reached skill level 1 in Dodging
   635 | D:1      | XOM: harmless Hex miscast
   836 | D:1      | XOM: divination: detect creatures
  1107 | D:2      | Reached skill level 4 in Fighting
  1338 | D:2      | Gained mutation: You have sharp toenails. [potion of mutation]
  1359 | D:2      | Reached XP level 4. HP: 25/29 MP: 4/4
  1364 | D:2      | XOM: harmless Pois miscast
  1372 | D:2      | Reached XP level 5. HP: 27/33 MP: 5/5
  1474 | D:2      | XOM: divination: magic mapping
  1559 | D:3      | Found a shimmering altar of Xom.
  1906 | D:3      | XOM: divination: magic mapping
  2010 | D:3      | XOM: scenery: create altars
  2207 | D:4      | XOM: harmless Summ miscast
  2255 | D:4      | XOM: potion effect (agility)
  2271 | D:4      | XOM: potion effect (heal wounds)
  2555 | D:4      | XOM: enchant monster (good)
  2595 | D:4      | Reached skill level 1 in Stealth
  2650 | D:4      | XOM: divination: magic mapping
  2737 | D:4      | XOM: divination: detect creatures
  2837 | D:4      | XOM: silly message
  2890 | D:4      | XOM: smoke on damage
  2927 | D:4      | Reached XP level 6. HP: 13/39 MP: 6/6
  2975 | D:4      | XOM: 1-stop teleportation journey
  3161 | D:4      | XOM: god gift: 22 stones
  3320 | D:4      | Found a basalt altar of Yredelemnul.
  3345 | D:4      | XOM: noise
  3455 | D:4      | XOM: god gift: glowing long sword {god gift}
  3754 | D:4      | XOM: cast spell 'Hydra Form'
  3763 | D:4      | XOM: swap monsters
  3768 | D:4      | Reached skill level 1 in Throwing
  4037 | D:4      | Found a sacrificial altar of Ru.
  4072 | D:4      | Fell from the grace of Xom
  4072 | D:4      | Became a worshipper of Ru the Awakened
  4185 | D:4      | Reached XP level 7. HP: 42/44 MP: 7/7
  4257 | D:5      | XOM: noise
  4257 | D:5      | Entered Level 5 of the Dungeon
  4483 | D:5      | Learned a level 4 spell: Airstrike
  4531 | D:5      | Reached skill level 5 in Fighting
  4614 | D:5      | Found a snail-covered altar of Cheibriados.
  4633 | D:5      | XOM: medium Summ miscast
  4645 | D:5      | HP: 1/44 [small abomination[the severe capriciousness of Xom] (17)]
  4645 | D:5      | Mangled by a small abomination

Action                   |  1- 3 |  4- 6 |  7- 9 || total
-------------------------+-------+-------+-------++-------
Melee: Mace              |    98 |   113 |       ||   211
       Flail             |       |    36 |    15 ||    51
       Long sword        |       |    91 |    34 ||   125
       Unarmed           |       |     8 |       ||     8
Throw: Tomahawk          |     4 |    20 |     1 ||    25
  Use: Scroll            |    10 |     4 |       ||    14
       Potion            |     1 |     3 |       ||     4
 Stab: Paralysed         |       |     2 |       ||     2
  Eat: Chunk             |    23 |     7 |     2 ||    32
       Fruit             |       |     2 |       ||     2
